 Dungeon Crawl Stone Soup version 0.31.0-11-ge490571c62 (webtiles) character file.

Game seed: 994852228784279050

49 TheRegalBeagle the Shield-Bearer (level 3, 0/31 HPs)
             Began as an Armataur Fighter on Feb 1, 2024.
             Killed from afar by an orc wizard (6 damage)
             ... with a magic dart
             ... on level 2 of the Dungeon.
             The game lasted 00:01:40 (729 turns).

TheRegalBeagle the Shield-Bearer (Armataur Fighter)  Turns: 729, Time: 00:01:40

Health: 0/31       AC:  6    Str: 21    XL:     3   Next: 51%
Magic:  3/3        EV:  7    Int:  8    God:
Gold:   59         SH:  0    Dex: 11    Spells: 2/2 levels left

rFire   . . .        a - +0 flail
rCold   . . .        c - +0 buckler
rNeg    . . .        b - +0 scale mail
rPois   .            (no helmet)
rElec   .            (no cloak)
rCorr   .            (no gloves)
SInv    .            (no barding)
Will    .....        (no amulet) Stlth
                     (no ring)
HPRegen 0.25/turn    (no ring)
MPRegen 0.08/turn

%: roll
@: confused
A: large, deformed body, tough skin 3, armoured tail, roll 1
a: no special abilities


You were on level 2 of the Dungeon.
You visited 1 branch of the dungeon, and saw 2 of its levels.

You collected 59 gold pieces.

Inventory:

Hand Weapons
 a - a +0 flail (weapon)
Armour
 b - a +0 scale mail (worn)
 c - a +0 buckler (worn)
Scrolls
 g - a scroll of teleportation {unknown}
 h - a scroll of identify {unknown}
 j - a scroll of summoning {unknown}
 k - a scroll of fear {unknown}
Potions
 d - a potion of might
 e - a potion of heal wounds {unknown}
 f - a potion of lignification {unknown}
 i - a potion of haste {unknown}


   Skills:
 + Level 3.1 Fighting
 * Level 2.8 Maces & Flails
 - Level 3.6 Armour
 + Level 3.7 Shields


You had 2 spell levels left.
You didn't know any spells.
Your spell library contained the following spells:

 Spells                   Type           Power      Damage    Failure   Level
 Sandblast                Erth           0%         2d4       82%         1
 Passwall                 Erth           0%         N/A       99%         3
 Stone Arrow              Conj/Erth      0%         3d7       99%         3
 Tukima's Dance           Hex            0%         N/A       99%         3
 Brom's Barrelling Bould  Conj/Erth      0%         2d3       100%        4
 Passage of Golubria      Tloc           0%         N/A       100%        4
 Yara's Violent Unravell  Hex/Alch       0%         3d3       100%        5


Dungeon Overview and Level Annotations

Branches:
Dungeon (2/15)

Altars:


Innate Abilities, Weirdness & Mutations

Armour fits poorly on your strangely shaped body.
You have extremely tough skin. (AC +3)
You have a long armoured tail.
You regenerate magic when rolling toward enemies. (Rampage MPRegen)


Message History

Deactivating autopickup; reactivate with Ctrl-A.
The kobold hits you but does no damage. You block the kobold's attack.
You barely miss the kobold.
The kobold hits you with a +0 short sword.
You miss the kobold. You block the kobold's attack.
You sock the kobold!
You kill the kobold!
The orc wizard gestures at you while chanting.
The puff of flame hits you!
You miss the orc wizard.
The orc wizard hits you but does no damage.
You sock the orc wizard!
The orc wizard is severely wounded.
You roll towards the orc!
You miss something. Something hits you.
The orc wizard hits you but does no damage.
Something unexpectedly blocks you, preventing you from rolling!
You closely miss something.
Your tail-slap misses something.
You hear some strange, mumbled words.
You are confused.
The orc wizard mumbles some strange words.
The orc wizard flickers and vanishes!
Something hits you. Something hits you but does no damage.
You bump into the rock wall.
Something hits you but does no damage.
You hear some strange, mumbled words.
You are more confused.
Something hits you. Something hits you but does no damage.
You completely miss something.
Something hits you but does no damage. x2
You're too confused to move!
Something hits you but does no damage. Something hits you.
You miss something. Something hits you but does no damage.
You hear some strange, mumbled words.
A puff of flame appears from out of thin air!
The puff of flame hits you!
* * * LOW HITPOINT WARNING * * *
You completely miss something. Something hits you but does no damage.
You hear some strange, mumbled words.
A magic dart appears from out of thin air!
The magic dart hits you.
You die...

##########
......o{@#
########{#
#..†.....#.####
#.#####.........
#########.#
#.##.#####
..........# #.#
.# ........###
#.# # ..#####.#
#.# ..# #.# ..#


You could see an orc.

Vanquished Creatures
  An adder (D:2)
  A dart slug (D:1)
  2 endoplasms (D:1)
  A giant cockroach (D:1)
  3 goblins
  5 hobgoblins
  4 jackals (D:1)
  4 ball pythons
  13 frilled lizards (D:1)
  2 kobolds
  A rat (D:1)
37 creatures vanquished.

Notes
Turn   | Place    | Note
-------+----------+-------------------------------------------
     0 | D:1      | TheRegalBeagle the Armataur Fighter began the quest for the
                  | Orb.
     0 | D:1      | Reached XP level 1. HP: 18/18 MP: 1/1
   121 | D:1      | Reached XP level 2. HP: 24/25 MP: 2/2
   370 | D:1      | Reached XP level 3. HP: 28/31 MP: 3/3
   729 | D:2      | Killed from afar by an orc wizard

Illustrated notes

Levels and vault maps discovered:
D:1:      scummos_arrival_star, layout_rooms, minmay_lizard_king
D:2:      layout_loops_ring, basic_altar, uniq_robin, uniq_natasha, uniq_terence

Skill      XL: |  1  2 |
---------------+-------+-----
Maces & Flails | 2 |  2.8
Fighting       | 3 |  3.1
Armour         | |  3.6
Shields        | |  3.7

Action                     || total
---------------------------++-------
  Melee: Flail             ||   100
         Tailslap          ||     7
 Armour: Scale mail        ||   107
  Dodge: Dodged            ||    31
  Block: Buckler           ||    23
